 Dungeon Crawl Stone Soup version 0.31-a0-538-gbc85326fa9 (webtiles) character file.

Game seed: 8679124976344426038

23013 Zonian the Grappler (level 13, -1/95 HPs)
             Began as an Octopode Shapeshifter on Aug 13, 2023.
             Was a Believer of Ashenzari.
             Slain by a komodo dragon (7 damage)
             ... on level 3 of the Lair of Beasts.
             The game lasted 00:42:31 (20524 turns).

Zonian the Grappler (Octopode Shapeshifter)        Turns: 20524, Time: 00:42:32

Health: -1/95      AC:  8    Str: 20    XL:     13   Next: 4%
Magic:  0/13       EV: 20    Int: 10    God:    Ashenzari [**....]
Gold:   692        SH:  0    Dex: 12    Spells: 12/12 levels left

rFire   . . .        C - +3 dagger of Toth-Mos's Legacy {protect, Fort, Dev} (curse)
rCold   . . .        (no shield)
rNeg    + . .        (helmet restricted)
rPois   .            k - amulet of Ouranomancy {Spirit, Melee, Bglg} (curse)
rElec   .            h - ring of the Sibylline Gnosis {EV+5, Cun, Melee} (curse)
rCorr   +            m - ring of the Shackled Planets {rCorr, Fort, Alch} (curse)
SInv    +            d - ring of the Shackled Augur {rN+, Comp, Range} (curse)
Will    .....        (no ring)
Stlth   ++++         (no ring)
HPRegen 0.35/turn    (no ring)
MPRegen 0.13/turn    (no ring)
                     (no ring)

%: guardian spirit
@: maw-form, under a protective aura
A: devouring maw, almost no armour, amphibious, 8 rings, camouflage 1,
gelatinous body 1, (nimble swimmer 1), tentacles
a: Begin Untransformation, Renounce Religion, Curse Item, Shatter the Chains


You were on level 3 of the Lair of Beasts.
You worshipped Ashenzari.
Ashenzari was pleased with you.
You were a creature with a mouth for a stomach.
You visited 2 branches of the dungeon, and saw 13 of its levels.
You also visited: Ossuary.

You collected 810 gold pieces.
You spent 118 gold pieces at shops.

Inventory:

Hand Weapons
 C - the cursed +3 dagger of Toth-Mos's Legacy (weapon) {protect, Fort, Dev}
   (You took it off an orc on level 7 of the Dungeon)

   It has a curse which improves the following skills: Fortitude: Shields.
   Devices:   Evocations and Shapeshifting.
Missiles
 A - 3 throwing nets
Armour
 y - a +2 hat
Jewellery
 d - the cursed ring of the Shackled Augur (on tentacle) {rN+, Comp, Range}
   (You found it on level 1 of the Dungeon)

   [ring of positive energy]

   rN+:       It protects you from negative energy.
   It has a curse which improves the following skills: Companions: Summonings
   and Necromancy.
   Ranged Combat: Ranged Weapons and Throwing.
 h - the cursed ring of the Sibylline Gnosis (left tentacle) {EV+5, Cun, Melee}
   (You found it on level 2 of the Dungeon)

   [ring of evasion]

   EV+5:      It affects your evasion (+5).
   It has a curse which improves the following skills: Cunning: Dodging and
   Stealth.
   Melee Combat: Short Blades, Long Blades, Axes, Maces & Flails, Polearms,
   Staves and Unarmed Combat.
 k - the cursed amulet of Ouranomancy (around mantle) {Spirit, Melee, Bglg}
   (You found it on level 2 of the Dungeon)

   [amulet of guardian spirit]

   Spirit:    It causes incoming damage to be divided between your reserves of
   health and magic.
   It has a curse which improves the following skills: Melee Combat: Short
   Blades, Long Blades, Axes, Maces & Flails, Polearms, Staves and Unarmed
   Combat.
   Beguiling: Conjurations, Hexes and Translocations.
 m - the cursed ring of the Shackled Planets (right tentacle) {rCorr, Fort, Alch}
   (You found it on level 3 of the Dungeon)

   [ring of resist corrosion]

   rCorr:     It protects you from acid and corrosion.
   It has a curse which improves the following skills: Fortitude: Shields.
   Alchemy:   Poison Magic and Transmutations.
 z - a ring of fire
Talismans
 b - a beast talisman
 c - a flux talisman
 G - a maw talisman (active)
Wands
 l - a wand of roots (2)
 n - a wand of quicksilver (2)
 r - a wand of flame (6)
 u - a wand of polymorph (10)
 w - a wand of mindburst (10)
 D - a wand of paralysis (18)
Scrolls
 e - 2 scrolls of vulnerability
 f - 4 scrolls of poison
 j - 2 scrolls of butterflies
 s - 4 scrolls of enchant armour
 v - 2 scrolls of blinking
 x - 2 scrolls of noise
 B - 3 scrolls of revelation
 E - 2 scrolls of fog
 H - 2 scrolls of enchant weapon
Potions
 a - 2 potions of lignification
 g - a potion of degeneration
 i - a potion of curing
 o - 4 potions of enlightenment
 p - a potion of brilliance
 q - 3 potions of ambrosia
 F - 3 potions of haste


   Skills:
 + Level 11.5 Fighting
 + Level 5.8(7.5) Short Blades
 - Level 5.6(6.8) Dodging
 - Level 4.0(5.0) Stealth
 + Level 11.9(13.6) Unarmed Combat
 + Level 10.2(11.3) Shapeshifting


You had 12 spell levels left.
You didn't know any spells.
Your spell library contained the following spells:

 Spells                   Type           Power      Damage    Failure   Level
 Sandblast                Erth           0%         2d4       36%         1
 Blink                    Tloc           0%         N/A       50%         2
 Cigotuvi's Dreadful Rot  Necr/Pois/Air  0%         N/A       50%         2
 Passwall                 Tmut/Erth      0%         N/A       50%         2
 Stone Arrow              Conj/Erth      0%         3d7       75%         3
 Volatile Blastmotes      Fire/Tloc      0%         2d10      75%         3
 Flame Wave               Conj/Fire      0%         2d4       98%         4
 Fulminant Prism          Conj/Hex       0%         3d5       98%         4
 Iskenderun's Mystic Bla  Conj/Tloc      0%         2d3       98%         4
 Manifold Assault         Tloc           0%         N/A       98%         4
 Olgreb's Toxic Radiance  Pois           0%         N/A       98%         4
 Eringya's Noxious Bog    Tmut/Pois      0%         4d6       100%        6
 Starburst                Conj/Fire      0%         6d3       100%        6
 Discord                  Hex            0%         N/A       100%        8
 Ignition                 Fire           0%         3d3       100%        8


Dungeon Overview and Level Annotations

Branches:
Dungeon (10/15)            Temple (0/1) D:4            Lair (3/5) D:10
 Shoals (0/4) Lair:3      Ossuary (visited)
  Snake: Lair:2-3    Spider: Lair:2-3       Orc: D:9-12

Altars:
Ashenzari
Fedhas
Gozag
Qazlal
Sif Muna
Trog
Uskayaw
Vehumet
Wu Jian
Yredelemnul
Zin

Shops:
D:2 *   D:8 [

Annotations:
D:4 2 transporters
D:7 Jeremiah


Innate Abilities, Weirdness & Mutations

You are a creature with a mouth for a stomach.
Your midsection houses a second, enormous mouth.
You cannot wear most types of armour.
You are amphibious.
You can wear up to eight rings at the same time.
Your skin changes colour to match your surroundings (Stealth+).
Your rubbery body absorbs attacks. (AC +1, EV +1)
((You are camouflaged when in or above water. (Stealth+)))
You have tentacles for arms and can constrict up to eight enemies at once.


Message History

Roots grab the komodo dragon.
Roots grab the wyvern.
The grasping roots constrict the komodo dragon.
The grasping roots constrict the wyvern.
You hear an angry hiss.
You hear a faint skittering sound. x3
The wyvern bites you.
* * * LOW HITPOINT WARNING * * *
The komodo dragon misses you. The wyvern completely misses you.
You hit the komodo dragon.
You squeeze the komodo dragon, but do no damage.
You bite the komodo dragon!
The komodo dragon is heavily wounded.
The grasping roots constrict the komodo dragon.
The grasping roots constrict the wyvern.
The roots release their grip on the komodo dragon.
The komodo dragon completely misses you.
You hit the komodo dragon but do no damage.
You squeeze the komodo dragon, but do no damage.
The komodo dragon is severely wounded.
The grasping roots constrict the wyvern.
The wyvern barely misses you.
You hit the komodo dragon. Your squeeze misses the komodo dragon.
The komodo dragon is severely wounded.
The grasping roots constrict the wyvern.
The roots release their grip on the wyvern.
The wyvern misses you.
The komodo dragon completely misses you.
Unknown command.
Okay, then.
Aiming: Fastroot
Press: ? - help, Shift-Dir - straight line, f/p - komodo dragon
Aim: a komodo dragon (severely wounded)
The roots erupt in riotous growth!
Roots grab the komodo dragon.
Roots grab the wyvern.
The grasping roots constrict the komodo dragon.
The grasping roots constrict the wyvern.
You hear a faint skittering sound.
The wyvern bites you!
* * * LOW HITPOINT WARNING * * *
The wyvern barely misses you. The komodo dragon bites you!
You die...

♣♣ .♣. ~ .. ~♣♣♣..♣
~~.♣..♣ ♣♣~~~.. #..
..~~♣ .. ♣♣ll~♣♣ ~ ##.
♣.W♣~~♣♣~# ..
#..♣♣♣.♣♣~~~.. #..
##........~...
###.#+###.......l...^.
###......#..............
#........#.............#
>........#..#..........#
##.......+.#...........l
##......................


You could see a komodo dragon (rooted) and 2 wyverns.

Vanquished Creatures
  A hydra (Lair:3)
  A catoblepas (Lair:2)
  2 black mambas (Lair:2)
  5 cane toads
  2 torpor snails
  2 rime drakes (Lair:2)
  5 komodo dragons
  2 ice devils
  2 polar bears
  A hornet (Lair:1)
  3 blink frogs (Lair:2)
  Grinder (D:3)
  4 dream sheep (Lair:1)
  A shadow (D:9)
  5 wraiths
  6 wyverns
  26 yaks
  5 basilisks
  3 vampire mosquitoes (D:10)
  A steam dragon (D:7)
  2 acid dragons
  12 water moccasins
  3 black bears
  3 ice beasts
  An ogre (D:5)
  3 orc warriors
  8 centaurs
  16 wolves
  3 phantoms
  2 kobold brigands (D:8)
  A two-headed ogre simulacrum (Lair:2)
  A gnoll sergeant (D:7)
  4 bullfrogs
  3 scorpions
  10 wights
  21 killer bees
  A howler monkey (D:6)
  4 jellies
  4 orc priests
  A centaur zombie (Ossuary)
  3 hounds
  3 gnoll boudas
  5 iguanas
  7 orc wizards
  6 hell rats (Lair:2)
  A troll simulacrum (Lair:2)
  24 gnolls
  9 adders
  5 river rats (Lair:2)
  A shadow imp (D:6)
  3 white imps
  An ufetubus (D:5)
  2 adder zombies (Ossuary)
  A worm (D:4)
  A dart slug (D:1)
  30 orcs
  5 bats
  7 endoplasms
  6 giant cockroaches
  8 goblins
  11 hobgoblins
  16 kobolds
  2 quokkas (D:1)
  6 ball pythons
  3 ball python skeletons (Ossuary)
  2 frilled lizards
  A hobgoblin skeleton (Ossuary)
  A hobgoblin zombie (Ossuary)
  An orc zombie (Ossuary)
  7 rats
359 creatures vanquished.

Notes
Turn   | Place    | Note
-------+----------+-------------------------------------------
     0 | D:1      | Zonian the Octopode Shapeshifter began the quest for the
                  | Orb.
     0 | D:1      | Reached XP level 1. HP: 13/13 MP: 1/1
    78 | D:1      | Reached XP level 2. HP: 18/18 MP: 2/2
   673 | D:1      | Reached XP level 3. HP: 23/23 MP: 3/3
  1119 | D:2      | Found Voym's Assorted Antiques.
  1131 | D:2      | Bought a fuming golden potion for 18 gold pieces
  1270 | D:2      | Reached XP level 4. HP: 20/29 MP: 4/4
  1493 | D:2      | Found a broken altar of Ashenzari.
  1501 | D:2      | Became a worshipper of Ashenzari the Shackled
  1554 | D:3      | Found a hide-covered altar of Uskayaw.
  1582 | D:3      | Noticed Grinder
  1591 | D:3      | Killed Grinder
  1592 | D:3      | Reached XP level 5. HP: 24/36 MP: 5/5
  1592 | D:3      | Reached XP level 6. HP: 27/41 MP: 6/6
  1855 | D:3      | Found a faded altar of an unknown god.
  2302 | D:3      | Got the Parchment of Poisonous Causimancy
  2779 | D:4      | Found a sand-covered staircase.
  2791 | Ossuary  | Entered an ossuary
  2861 | Ossuary  | Reached XP level 7. HP: 44/46 MP: 7/7
  2902 | Ossuary  | Noticed a wraith
  2902 | Ossuary  | Noticed a flying skull
  2912 | Ossuary  | Noticed a flying skull
  2960 | Ossuary  | Noticed a flying skull
  3146 | Ossuary  | Noticed a wraith
  3153 | Ossuary  | Killed a wraith
  3154 | Ossuary  | Reached skill level 5 in Unarmed Combat
  3192 | Ossuary  | Noticed a flying skull
  3196 | Ossuary  | Noticed a wraith
  3206 | Ossuary  | Killed a wraith
  3328 | D:4      | Found a radiant altar of Vehumet.
  3392 | D:4      | Reached XP level 8. HP: 50/54 MP: 8/8
  3437 | D:4      | Found a staircase to the Ecumenical Temple.
  3506 | D:4      | Reached skill level 5 in Dodging
  3748 | D:4      | Found a broken altar of Ashenzari.
  3750 | D:4      | Found a transporter.
  3752 | D:4      | Found a stormy altar of Qazlal.
  3761 | D:4      | Found a transporter.
  3883 | D:4      | Reached * piety under Ashenzari
  4246 | D:4      | Identified the +2 robe of Janaujubb {Rampage rPois Str-4
                  | SInv}
  4374 | D:5      | Entered Level 5 of the Dungeon
  4410 | D:5      | Noticed a yak
  4410 | D:5      | Noticed a yak
  4498 | D:5      | Reached skill level 5 in Shapeshifting
  4518 | D:5      | Found an opulent altar of Gozag.
  4616 | D:5      | Reached skill level 5 in Fighting
  4986 | D:4      | Killed a yak
  5371 | D:5      | Reached skill level 1 in Stealth
  5407 | D:5      | Found a basalt altar of Yredelemnul.
  5428 | D:5      | Reached XP level 9. HP: 58/61 MP: 9/9
  5564 | D:2      | Bought a crooked brass wand for 80 gold pieces
  5564 | D:2      | Bought a scroll labelled GOYF RI QUZEE for 20 gold pieces
  7053 | D:7      | You fall into a shaft and drop 1 floor!
  8041 | D:7      | Reached XP level 10. HP: 57/71 MP: 6/10
  8230 | D:7      | Reached ** piety under Ashenzari
  8438 | D:7      | Noticed a boulder beetle
  8611 | D:7      | Noticed Jeremiah
  9020 | D:8      | Found Pogem's Armour Shoppe.
  9618 | D:8      | Found an ornate altar of the Wu Jian Council.
  9618 | D:8      | Found a glowing silver altar of Zin.
  9944 | D:8      | Found a shimmering blue altar of Sif Muna.
 11648 | D:10     | Entered Level 10 of the Dungeon
 11648 | D:10     | Found a blossoming altar of Fedhas.
 11874 | D:10     | Reached XP level 11. HP: 78/78 MP: 11/11
 11901 | D:10     | Found a staircase to the Lair.
 11910 | D:10     | Reached skill level 1 in Short Blades
 12987 | D:10     | Found a bloodstained altar of Trog.
 13758 | D:10     | Reached skill level 10 in Unarmed Combat
 13764 | Lair:1   | Entered Level 1 of the Lair of Beasts
 13825 | Lair:1   | Identified the +2 pair of boots "Ethasuem" {rElec MP+9
                  | Dex-4 Slay+6}
 14790 | Lair:1   | Paralysed by a hornet for 2 turns
 14799 | Lair:1   | Reached skill level 10 in Fighting
 16735 | Lair:2   | Reached XP level 12. HP: 68/88 MP: 9/12
 17246 | Lair:2   | Noticed a catoblepas
 17811 | Lair:2   | Noticed a death yak
 17897 | Lair:2   | Killed a catoblepas
 18131 | Lair:2   | Paralysed by a hornet for 3 turns
 19372 | Lair:2   | Noticed an ice dragon
 19470 | Lair:3   | Reached skill level 5 in Short Blades
 19532 | Lair:3   | Paralysed by a centaur for 3 turns
 19541 | Lair:3   | Reached skill level 10 in Shapeshifting
 19749 | Lair:3   | Found a staircase to the Shoals.
 20214 | Lair:3   | Reached XP level 13. HP: 70/95 MP: 7/13
 20524 | Lair:3   | Slain by a komodo dragon

Illustrated notes

Levels and vault maps discovered:
D:1:      dpeg_arrival_ternary, layout_loops_corners
D:2:      layout_basic, basic_altar, serial_shops, nicolae_lakefront_shop,
          nrook_uturn
D:3:      layout_basic, marbit_many_paths, ebering_ecumenical_altar_hall,
          guppyfry_early_orc_mine, uniq_grinder
D:4:      nicolae_cairo_tiling_large_dashed, layout_layer_cave,
          vehumet_crystals, gammafunk_temple_overflow_arena,
          minmay_temple_entry_statues, enter_ossuary_1
D:5:      layout_gridville, mainiacjoe_overflow_paths, grunt_gozag_breadcrumbs
D:6:      layout_rooms, uniq_sigmund
D:7:      cheibrodos_two_vegetables, layout_loops_ring, roderic_lattice_a,
          kennysheep_nondescript, uniq_jeremiah
D:8:      layout_basic, lemuel_blue_sif_altar, gammafunk_temple_overflow_pools,
          serial_shops, shop
D:9:      layout_basic, grunt_ministairs_14, kennysheep_doodads
D:10:     layout_big_octagon, fedhas_altar_2, general_overflow_altar,
          minmay_lair_entry_grove
Lair:1:   layout_cave_pods, infiniplex_staircase_pool
Lair:2:   dreamdust_isle_of_ice, layout_regular_city,
          kennysheep_abandoned_house, grunt_megastairs_5
Lair:3:   layout_roguey, minmay_shoals_entry_centaurs,
          hellmonk_spider_entry_life_and_decay, guppyfry_lair_drakes

Skill      XL: |  1  2  3  4  5  6  7  8  9 10 11 12 |
---------------+-------------------------------------+-----
Fighting       | 2 3 4 5 7 8 10 11 | 11.5
Dodging        | 3 4 5 |  5.6
Unarmed Combat | 4 5 6 7 9 10 11 | 11.9
Shapeshifting  | 4 5 6 8 9 10 | 10.2
Stealth        | 1 4 |  4.0
Short Blades   | 2 5 |  5.8

Action                     |  1- 3 |  4- 6 |  7- 9 | 10-12 | 13-15 || total
---------------------------+-------+-------+-------+-------+-------++-------
  Melee: Unarmed           |    73 |    67 |   236 |       |       ||   376
         Constrict         |    21 |    19 |    48 |   114 |       ||   202
         Tentacles         |    11 |    19 |    57 |   214 |     7 ||   308
         Punch             |     4 |     4 |    21 |    75 |     4 ||   108
         Dagger            |       |       |    14 |   737 |    18 ||   769
         Maw               |       |       |       |   110 |     5 ||   115
 Invoke: Curse Item        |       |     1 |     2 |     2 |       ||     5
Ability: Begin Untransform |       |       |       |     1 |       ||     1
  Evoke: Wand              |       |       |     1 |     8 |     2 ||    11
    Use: Scroll            |       |     1 |     3 |     9 |       ||    13
         Potion            |       |       |       |    10 |     1 ||    11
   Stab: Sleeping          |     7 |     4 |     7 |    13 |       ||    31
         Distracted        |       |       |     1 |     2 |       ||     3
 Armour: Skin              |     6 |       |    11 |   108 |     2 ||   127
  Dodge: Dodged            |    43 |    29 |   192 |   725 |    41 ||  1030
   Form: Maw               |       |       |       |     1 |       ||     1

Table legend: (Time is in decaauts)
 A = Elapsed time spent in this place.
 B = Non-inter-level travel time spent in this place.
 C = Inter-level travel time spent in this place.
 D = Time resting spent in this place.
 E = Time spent auto-exploring this place.
 F = Levels seen in this place.
 G = Mean time per level.
                   A        B        C        D        E       F      G
               +--------+--------+--------+--------+--------+-----+--------+
         Total |  20416 |  19740 |    676 |   9097 |   6247 |  14 | 1458.3 |
       Dungeon |  13221 |  12642 |    579 |   4994 |   5144 |  10 | 1322.1 |
          Lair |   6671 |   6575 |     96 |   3870 |   1103 |   3 | 2223.7 |
       Ossuary |    523 |    523 |      0 |    232 |      0 |   1 |  523.0 |
               +--------+--------+--------+--------+--------+-----+--------+

Top non-repeatable levels by time:
  Lair:1: 2848 daAuts
  Lair:2: 2726 daAuts
     D:9: 2515 daAuts
     D:8: 1994 daAuts
     D:4: 1795 daAuts
     D:7: 1371 daAuts
  Lair:3: 1096 daAuts
     D:3: 1057 daAuts
     D:1: 1043 daAuts
     D:5: 991 daAuts
    D:10: 854 daAuts
     D:6: 821 daAuts
     D:2: 775 daAuts
 Ossuary: 523 daAuts
